3R
WATFORD CITY TRASH PANDAS @ MAINE SEA DOGS
08/03/2042
 
TOP OF THE 1ST
Watford City Trash Pandas batting - Pitching for Maine Sea Dogs : RHP Cy Dickson
Pitching: RHP Cy Dickson
Batting: LHB Ed Cotton 0-0: Called Strike
0-1: Ground out 4-3 (Groundball, 4, EV 79.4 MPH)
Batting: LHB Don Hartman 0-0: Ball
1-0: Called Strike
1-1: Foul Ball, location: 2F
1-2: Foul Ball, location: 2F
1-2: Foul Ball, location: 2F
1-2: SINGLE (Groundball, 34D, EV 101.2 MPH)
Batting: LHB Pedro Rey 0-0: Ball
1-0: Ball
2-0: Ball
3-0: Called Strike
3-1: Swinging Strike
3-2: Foul Ball, location: 2F
3-2: Strikes out swinging
Batting: LHB Manuel Alea 0-0: Ball
1-0: Ball
2-0: Ball
3-0: Called Strike
3-1: Foul Ball, location: 2F
3-2: Base on Balls
Don Hartman to second
Batting: RHB Zier Weeteling 0-0: Swinging Strike
0-1: Swinging Strike
0-2: SINGLE (Flyball, 7LS, EV 85.0 MPH)
Don Hartman to third
Manuel Alea to second
Runner from 3rd tries for Home, SAFE, no throw by LF
Batting: SHB Danny Adams 0-0: Called Strike
Manuel Alea steals 3rd base
0-1: Ball
1-1: DOUBLE (Flyball, 89D, EV 86.9 MPH)
Manuel Alea scores
Zier Weeteling to third
Batting: RHB Sung-jae Nam 0-0: Ball
1-0: Called Strike
1-1: Foul Ball, location: 2F
1-2: Strikes out looking
Top of the 1st over - 2 runs, 3 hits, 0 errors, 2 left on base; Watford City 2 - Maine 0
BOTTOM OF THE 1ST
Maine Sea Dogs batting - Pitching for Watford City Trash Pandas : RHP Nicky Martínez
Pitching: RHP Nicky Martínez
Batting: LHB Bill Fisher 0-0: Ball
1-0: Ball
2-0: SINGLE (Groundball, 15S, EV 70.0 MPH) (infield hit)
Batting: RHB Yong-oon P'i 0-0: Called Strike
0-1: Ball
1-1: Ball
2-1: Foul Ball, location: 2F
2-2: Foul Ball, location: 2F
2-2: Fly out, F8 (Flyball, 8LM, EV 83.1 MPH)
Batting: SHB Cristóbal Calzacorta 0-0: Reached on error, E6 (Groundball, 56, EV 105.6 MPH)
Bill Fisher to second
Batting: LHB Héctor Ancelno 0-0: Called Strike
0-1: Foul Ball, location: 2F
0-2: Foul Ball, location: 2F
0-2: Foul Ball, location: 2F
0-2: Ball
1-2: Foul Ball, location: 2F
1-2: Ball
2-2: Foul Ball, location: 2F
2-2: Ball
3-2: Fly out, F9 (Flyball, 89S, EV 96.9 MPH)
Batting: RHB Joe Fuller 0-0: Fly out, F9 (Flyball, 89M, EV 88.8 MPH)
Bottom of the 1st over - 0 runs, 1 hit, 1 error, 2 left on base; Watford City 2 - Maine 0
TOP OF THE 2ND
Watford City Trash Pandas batting - Pitching for Maine Sea Dogs : RHP Cy Dickson
Batting: LHB Francisco Gallardo 0-0: Ball
1-0: Foul Ball, location: 2F
1-1: Ball
2-1: Called Strike
2-2: Foul Ball, location: 2F
2-2: Ball
3-2: Strikes out swinging
Batting: RHB Lee Carlson 0-0: Fly out, F9 (Flyball, 9, EV 78.8 MPH)
Batting: LHB Ed Cotton 0-0: Ground out 4-3 (Groundball, 4, EV 76.9 MPH)
Top of the 2nd over - 0 runs, 0 hits, 0 errors, 0 left on base; Watford City 2 - Maine 0
BOTTOM OF THE 2ND
Maine Sea Dogs batting - Pitching for Watford City Trash Pandas : RHP Nicky Martínez
Batting: SHB José Santos 0-0: Ball
1-0: Single, Error in OF, E9, batter to second base (Groundball, 3D, EV 97.5 MPH)
Batting: RHB Javier Carrodeguas 0-0: Ball
1-0: SINGLE (Line Drive, 3D, EV 110.0 MPH)
José Santos to third
Batting: RHB Michael Weber 0-0: Called Strike
0-1: Ball
1-1: Swinging Strike
1-2: Ball
2-2: Ball
3-2: Fly out, F4 (Popup, 4M, EV 69.4 MPH)
Batting: RHB José Arizandieta 0-0: Called Strike
0-1: Foul Ball, location: 2F
0-2: DOUBLE (Line Drive, 89D, EV 100.0 MPH)
José Santos scores
Javier Carrodeguas to third
Batting: LHB Bill Fisher 0-0: Called Strike
0-1: Foul Ball, location: 2F
0-2: Ball
1-2: SINGLE (Groundball, 4MD, EV 100.0 MPH)
Javier Carrodeguas scores
José Arizandieta to third
Batting: RHB Yong-oon P'i 0-0: Ball
1-0: Called Strike
1-1: Grounds into double play, 4-6-3 (Groundball, 4, EV 90.0 MPH)
Bottom of the 2nd over - 2 runs, 4 hits, 1 error, 1 left on base; Watford City 2 - Maine 2
TOP OF THE 3RD
Watford City Trash Pandas batting - Pitching for Maine Sea Dogs : RHP Cy Dickson
Batting: LHB Don Hartman 0-0: DOUBLE (Groundball, 3L, EV 103.8 MPH)
Batting: LHB Pedro Rey 0-0: Ball
1-0: Ball
2-0: Called Strike
2-1: Ball
3-1: Base on Balls
Batting: LHB Manuel Alea 0-0: Ball
1-0: Foul Ball, location: 2F
1-1: Foul Ball, location: 2F
1-2: Ball
2-2: Strikes out looking
Batting: RHB Zier Weeteling 0-0: Called Strike
0-1: Swinging Strike
0-2: Strikes out swinging
Batting: SHB Danny Adams 0-0: Ball
1-0: Ball
2-0: DOUBLE (Flyball, 78XD, EV 98.1 MPH)
Don Hartman scores
Pedro Rey to third
Runner from 3rd tries for Home, SAFE, throw by CF to home
Batting: RHB Sung-jae Nam 0-0: Ball
1-0: Swinging Strike
1-1: Foul Ball, location: 2F
1-2: Strikes out swinging
Top of the 3rd over - 2 runs, 2 hits, 0 errors, 1 left on base; Watford City 4 - Maine 2
BOTTOM OF THE 3RD
Maine Sea Dogs batting - Pitching for Watford City Trash Pandas : RHP Nicky Martínez
Batting: SHB Cristóbal Calzacorta 0-0: Called Strike
0-1: Called Strike
0-2: Foul Ball, location: 2F
0-2: Fly out, F8 (Flyball, 78XD, EV 76.2 MPH)
Batting: LHB Héctor Ancelno 0-0: Ball
1-0: Ball
2-0: Ball
3-0: Called Strike
3-1: Base on Balls
Batting: RHB Joe Fuller 0-0: Foul Ball, location: 2F
0-1: Ball
1-1: Swinging Strike
1-2: Ball
2-2: Ball
3-2: Foul Ball, location: 2F
3-2: Strikes out swinging
Batting: SHB José Santos 0-0: Ball
1-0: Called Strike
1-1: Ground out 4-3 (Groundball, 34, EV 108.8 MPH)
Bottom of the 3rd over - 0 runs, 0 hits, 0 errors, 1 left on base; Watford City 4 - Maine 2
TOP OF THE 4TH
Watford City Trash Pandas batting - Pitching for Maine Sea Dogs : RHP Cy Dickson
Batting: LHB Francisco Gallardo 0-0: Ball
1-0: Reached on error, E9 (Line Drive, 9, EV 95.6 MPH)
Batting: RHB Lee Carlson 0-0: Ball
1-0: Foul Ball, location: 2F
1-1: Foul Ball, location: 2F
1-2: Ball
2-2: Foul Ball, location: 2F
2-2: Strikes out swinging
Batting: LHB Ed Cotton 0-0: Called Strike
0-1: Called Strike
0-2: Ball
1-2: Ground out 5-3 (Groundball, 56S, EV 66.2 MPH)
Francisco Gallardo to third
Batting: LHB Don Hartman 0-0: Foul Ball, location: 2F
0-1: Ground out 4-3 (Groundball, 4, EV 83.8 MPH)
Top of the 4th over - 0 runs, 0 hits, 1 error, 1 left on base; Watford City 4 - Maine 2
BOTTOM OF THE 4TH
Maine Sea Dogs batting - Pitching for Watford City Trash Pandas : RHP Nicky Martínez
Batting: RHB Javier Carrodeguas 0-0: Ball
1-0: SINGLE (Groundball, 34D, EV 100.6 MPH)
Batting: RHB Michael Weber 0-0: Ball
1-0: Foul Ball, location: 2F
1-1: Called Strike
1-2: Fly out, F8 (Flyball, 8RM, EV 87.5 MPH)
Batting: RHB José Arizandieta 0-0: Called Strike
0-1: SINGLE (Line Drive, 9S, EV 98.1 MPH)
Javier Carrodeguas to second
Batting: LHB Bill Fisher 0-0: Ball
1-0: Ball
2-0: Called Strike
2-1: Foul Ball, location: 2F
2-2: Ball
3-2: Foul Ball, location: 2F
3-2: Hit by Pitch
Javier Carrodeguas to third
José Arizandieta to second
Pitching: RHP Hidehira Shibutani
Batting: RHB Yong-oon P'i 0-0: Ball
1-0: Ball
2-0: Grounds into fielders choice 3-2 (Groundball, 34, EV 91.2 MPH)
José Arizandieta to third
Bill Fisher to second
Batting: SHB Cristóbal Calzacorta 0-0: Called Strike
0-1: Foul Ball, location: 2F
0-2: Foul Ball, location: 2F
0-2: Fly out, F8 (Flyball, 8LS, EV 90.0 MPH)
Bottom of the 4th over - 0 runs, 2 hits, 0 errors, 3 left on base; Watford City 4 - Maine 2
TOP OF THE 5TH
Watford City Trash Pandas batting - Pitching for Maine Sea Dogs : RHP Cy Dickson
Batting: LHB Pedro Rey 0-0: Ball
1-0: Foul Ball, location: 2F
1-1: SINGLE (Groundball, 34, EV 107.5 MPH) (infield hit)
Batting: LHB Manuel Alea 0-0: Called Strike
0-1: Called Strike
0-2: Ball
1-2: Strikes out looking
Batting: RHB Zier Weeteling 0-0: Ball
1-0: Ball
2-0: Called Strike
2-1: Ball
3-1: Called Strike
3-2: Strikes out swinging
Batting: SHB Danny Adams 0-0: Ball
1-0: Called Strike
1-1: Swinging Strike
1-2: Foul Ball, location: 2F
1-2: Foul Ball, location: 2F
1-2: Ball
2-2: Ball
3-2: Ground out U3 (Groundball, 3L, EV 101.9 MPH)
Top of the 5th over - 0 runs, 1 hit, 0 errors, 1 left on base; Watford City 4 - Maine 2
BOTTOM OF THE 5TH
Maine Sea Dogs batting - Pitching for Watford City Trash Pandas : RHP Hidehira Shibutani
Batting: LHB Héctor Ancelno 0-0: Ball
1-0: SOLO HOME RUN (Flyball, 9LD, EV 90.0 MPH), Distance : 385 ft
Batting: RHB Joe Fuller 0-0: Fly out, F8 (Flyball, 8RS, EV 85.6 MPH)
Batting: SHB José Santos 0-0: Swinging Strike
0-1: Ball
1-1: Swinging Strike
1-2: Strikes out swinging
Batting: RHB Javier Carrodeguas 0-0: Ball
1-0: Fly out, F9 (Flyball, 9S, EV 90.6 MPH)
Bottom of the 5th over - 1 run, 1 hit, 0 errors, 0 left on base; Watford City 4 - Maine 3
TOP OF THE 6TH
Watford City Trash Pandas batting - Pitching for Maine Sea Dogs : RHP Cy Dickson
Batting: RHB Sung-jae Nam 0-0: Called Strike
0-1: Foul Ball, location: 2F
0-2: Ball
1-2: Fly out, F8 (Flyball, 8LS, EV 94.4 MPH)
Batting: LHB Francisco Gallardo 0-0: Ball
1-0: Called Strike
1-1: Called Strike
1-2: Strikes out swinging
Batting: RHB Lee Carlson 0-0: Ball
1-0: SINGLE (Groundball, 4D, EV 98.8 MPH)
Pitching: RHP Steve Richards
Batting: LHB Ed Cotton 0-0: Foul Ball, location: 2F
0-1: Ball
1-1: Ball
2-1: Ground out 1-3 (Groundball, 34S, EV 83.8 MPH)
Top of the 6th over - 0 runs, 1 hit, 0 errors, 1 left on base; Watford City 4 - Maine 3
BOTTOM OF THE 6TH
Maine Sea Dogs batting - Pitching for Watford City Trash Pandas : RHP Hidehira Shibutani
Batting: RHB Michael Weber 0-0: Fly out, F9 (Flyball, 89M, EV 86.9 MPH)
Batting: RHB José Arizandieta 0-0: Ball
1-0: Foul Ball, location: 2F
1-1: Swinging Strike
1-2: Fly out, F8 (Flyball, 8RM, EV 98.8 MPH)
Batting: LHB Bill Fisher 0-0: Ground out 6-3 (Groundball, 6MS, EV 70.6 MPH)
Bottom of the 6th over - 0 runs, 0 hits, 0 errors, 0 left on base; Watford City 4 - Maine 3
TOP OF THE 7TH
Watford City Trash Pandas batting - Pitching for Maine Sea Dogs : RHP Steve Richards
Batting: LHB Don Hartman 0-0: Called Strike
0-1: Ball
1-1: Ball
2-1: DOUBLE (Groundball, 3L, EV 105.6 MPH)
Batting: LHB Pedro Rey 0-0: Ball
1-0: Foul Ball, location: 2F
1-1: Ball
2-1: Ball
3-1: Called Strike
3-2: 2-RUN HOME RUN (Flyball, 9LD, EV 85.6 MPH), Distance : 379 ft
Batting: LHB Manuel Alea 0-0: Called Strike
0-1: Called Strike
0-2: Foul Ball, location: 2F
0-2: Fly out, F6 (Flyball, 5D, EV 86.2 MPH)
Batting: RHB Zier Weeteling 0-0: Called Strike
0-1: Ball
1-1: Ball
2-1: Ball
3-1: Called Strike
3-2: Strikes out swinging
Batting: SHB Danny Adams 0-0: Called Strike
0-1: Ball
1-1: Called Strike
1-2: Ball
2-2: Ball
3-2: Foul Ball, location: 2F
3-2: Base on Balls
Batting: RHB Sung-jae Nam 0-0: Fielders Choice at 2nd, 6-4 (Groundball, 6, EV 102.5 MPH)
Top of the 7th over - 2 runs, 2 hits, 0 errors, 1 left on base; Watford City 6 - Maine 3
BOTTOM OF THE 7TH
Maine Sea Dogs batting - Pitching for Watford City Trash Pandas : RHP Hidehira Shibutani
Batting: RHB Yong-oon P'i 0-0: Ball
1-0: Ball
2-0: Called Strike
2-1: Called Strike
2-2: Foul Ball, location: 2F
2-2: Foul Ball, location: 2F
2-2: Strikes out swinging
Batting: SHB Cristóbal Calzacorta 0-0: Called Strike
0-1: Swinging Strike
0-2: Ball
1-2: Strikes out swinging
Batting: LHB Héctor Ancelno 0-0: Ball
1-0: Swinging Strike
1-1: Foul Ball, location: 2F
1-2: Ball
2-2: Ball
3-2: SINGLE (Groundball, 4MD, EV 102.5 MPH)
Batting: RHB Joe Fuller 0-0: Called Strike
0-1: Ball
1-1: Ground out 1-3 (Groundball, 13, EV 93.8 MPH)
Bottom of the 7th over - 0 runs, 1 hit, 0 errors, 1 left on base; Watford City 6 - Maine 3
TOP OF THE 8TH
Watford City Trash Pandas batting - Pitching for Maine Sea Dogs : RHP Steve Richards
Batting: LHB Francisco Gallardo 0-0: Fly out, F8 (Flyball, 78M, EV 85.6 MPH)
Batting: RHB Lee Carlson 0-0: Called Strike
0-1: Foul Ball, location: 2F
0-2: Foul Ball, location: 2F
0-2: DOUBLE (Line Drive, 8LD, EV 93.1 MPH)
Batting: LHB Ed Cotton 0-0: Foul Ball, location: 2F
0-1: Called Strike
0-2: Foul Ball, location: 2F
0-2: Ground out 6-3 (Groundball, 56, EV 88.8 MPH)
Batting: LHB Don Hartman 0-0: Called Strike
0-1: Ball
1-1: SINGLE (Groundball, 6D, EV 99.4 MPH)
Lee Carlson to third
Runner from 3rd tries for Home, SAFE, throw by CF to home
Pitching: RHP Cory Black
Batting: LHB Pedro Rey 0-0: Called Strike
0-1: Ball
1-1: Ball
2-1: Foul Ball, location: 2F
2-2: Strikes out swinging
Top of the 8th over - 1 run, 2 hits, 0 errors, 1 left on base; Watford City 7 - Maine 3
BOTTOM OF THE 8TH
Maine Sea Dogs batting - Pitching for Watford City Trash Pandas : RHP Hidehira Shibutani
Batting: SHB José Santos 0-0: Ground out 3-1 (Groundball, 34, EV 83.1 MPH)
Batting: RHB Javier Carrodeguas 0-0: Ground out U3 (Groundball, 34S, EV 83.1 MPH)
Batting: RHB Michael Weber 0-0: Ball
1-0: Foul Ball, location: 2F
1-1: Swinging Strike
1-2: Strikes out swinging
Bottom of the 8th over - 0 runs, 0 hits, 0 errors, 0 left on base; Watford City 7 - Maine 3
TOP OF THE 9TH
Watford City Trash Pandas batting - Pitching for Maine Sea Dogs : RHP Cory Black
Batting: LHB Manuel Alea 0-0: Foul Ball, location: 2F
0-1: Ball
1-1: Swinging Strike
1-2: Strikes out looking
Batting: RHB Zier Weeteling 0-0: Swinging Strike
0-1: Swinging Strike
0-2: Strikes out swinging
Batting: SHB Danny Adams 0-0: Ball
1-0: Called Strike
1-1: Swinging Strike
1-2: Ball
2-2: Ball
3-2: Strikes out swinging
Top of the 9th over - 0 runs, 0 hits, 0 errors, 0 left on base; Watford City 7 - Maine 3
BOTTOM OF THE 9TH
Maine Sea Dogs batting - Pitching for Watford City Trash Pandas : RHP Hidehira Shibutani
Batting: RHB José Arizandieta 0-0: Swinging Strike
0-1: Ball
1-1: Fly out, F9 (Flyball, 9LS, EV 84.4 MPH)
Batting: LHB Bill Fisher 0-0: Called Strike
0-1: Foul Ball, location: 2F
0-2: Ball
1-2: Fly out, F7 (Line Drive, 7, EV 105.6 MPH)
Batting: RHB Yong-oon P'i 0-0: Ball
1-0: Called Strike
1-1: Foul Ball, location: 2F
1-2: Ball
2-2: Fly out, F8 (Flyball, 8RD, EV 91.2 MPH)
Bottom of the 9th over - 0 runs, 0 hits, 0 errors, 0 left on base; Watford City 7 - Maine 3
Friday, March 26th, 2021 - OOTP Baseball 20.8 Build 74